 Dungeon Crawl Stone Soup version 0.25-a0-435-g4b9beb1024 (webtiles) character file.

Game seed: 4716073321004933655, levelgen mode: deterministic

854 kae the Grappler (level 8, -7/60 (61) HPs)
             Began as a Ghoul Gladiator on Jan 29, 2020.
             Was an Initiate of Makhleb.
             Mangled by an ogre
             ... wielding a +0 giant spiked club
              (22 damage)
             ... on level 5 of the Dungeon.
             The game lasted 00:03:25 (3124 turns).

kae the Grappler (Ghoul Gladiator)                  Turns: 3124, Time: 00:03:26

HP:   -7/60 (61)    AC:  6    Str: 23    XL:     8   Next: 1%
MP:   7/7           EV: 12    Int:  3    God:    Makhleb [......]
Gold: 148           SH:  0    Dex: 12    Spells: 7/7 levels left

rFire    . . .     SeeInvis .     - Unarmed
rCold    + . .     Gourm    .   (no shield)
rNeg     + + +     Faith    .   a - +0 leather armour
rPois    ∞         Spirit   .   b - +1 helmet
rElec    .         Reflect  .   o - +0 cloak
rCorr    .         Harm     .   (no gloves)
MR       .....                  (no boots)
Stlth    +.........             (no amulet)
HPRegen  0.00/turn              (no ring)
MPRegen  0.10/turn              (no ring)

@: mighty, rotting
A: rotting body, claws 1, carnivore, cold resistance 1, negative energy
resistance 3, inhibited regeneration, torment resistance, unbreathing
a: Renounce Religion


You were on level 5 of the Dungeon.
You worshipped Makhleb.
Makhleb was noncommittal.
You were not hungry.

You visited 2 branches of the dungeon, and saw 6 of its levels.

You collected 148 gold pieces.

Inventory:

Missiles
 c - 3 throwing nets (quivered)
Armour
 a - a +0 leather armour (worn)
 b - a +1 helmet (worn)
 o - a +0 cloak (worn)
Jewellery
 p - an uncursed ring of protection from cold {unknown}
Scrolls
 h - a scroll of enchant armour
 i - a scroll of amnesia
 j - 4 scrolls of teleportation
Potions
 e - a potion of might
 f - a potion of mutation {unknown}
 g - 2 potions of haste {unknown}
 l - a potion of curing {unknown}
 m - 2 potions of lignification {unknown}
 n - a potion of brilliance {unknown}
Comestibles
 d - 6 rations


   Skills:
 - Level 2.1 Fighting
 - Level 1.7 Throwing
 - Level 2.6 Dodging
 - Level 10.0 Unarmed Combat
 + Level 1.2 Invocations


You had 7 spell levels left.
You didn't know any spells.
Your spell library was empty.

Dungeon Overview and Level Annotations

Branches:
Dungeon (5/15)             Temple (1/1) D:5

Altars:
Ashenzari
Cheibriados
Dithmenos
Elyvilon
Fedhas
Gozag
Hepliaklqana
Kikubaaqudgha
Makhleb
Nemelex Xobeh
Okawaru
Qazlal
Ru
Sif Muna
Trog
Uskayaw
Vehumet
Wu Jian
Xom
Yredelemnul
Zin
The Shining One

Shops:
D:4 }

Annotations:
D:3 exclusion: orc priest


Innate Abilities, Weirdness & Mutations

Your body is rotting away.
You thrive on raw meat.
You are immune to poison.
You have sharp fingernails.
You are carnivorous and can eat meat at any time.
Your flesh is cold resistant. (rC+)
You are immune to negative energy. (rN+++)
You do not regenerate when monsters are visible.
You are immune to unholy pain and torment.
You can survive without breathing.


Message History

You see here a +0 dagger.
You mangle the orc!!
You kill the orc!
Makhleb accepts your kill.
It was a potion of might.
You feel very mighty all of a sudden. The orc hits you.
You claw the orc!
You kill the orc!
Makhleb accepts your kill.
You claw the ogre!
The ogre is heavily wounded.
The ogre hits you with a +0 giant spiked club!!
* * * LOW HITPOINT WARNING * * *
You claw the ogre!
The ogre is almost dead.
You barely miss the ogre.
The ogre is almost dead.
The ogre hits you with a +0 giant spiked club!!
You die...

#...# ........#.#### ##..
..#####......## ###.
.....####..##### ####. ####.#
#....... . ....# #.## ##......
....#oO### #..# ##.....
...Z..o).# ####.#####.....
....o###.#######..............
... #.ZooO@...........##### .
#########.........#
###########


You could see an ogre, 2 orcs and a centaur skeleton.

Vanquished Creatures
  A centaur (D:5)
  A scorpion (D:3)
  A howler monkey (D:5)
  A crimson imp (D:5)
  2 hounds (D:4)
  A centaur zombie (D:5)
  5 orc priests
  7 orc wizards
  3 worker ants
  5 adders
  A worm (D:4)
  A dart slug (D:1)
  2 leopard geckos
  19 orcs
  7 bats (D:1)
  5 giant cockroaches
  A goblin (D:1)
  5 hobgoblins
  7 jackals
  9 kobolds
  2 quokkas
  7 frilled lizards
  9 rats
102 creatures vanquished.

Notes
Turn   | Place    | Note
-------+----------+-------------------------------------------
     0 | D:1      | kae the Ghoul Gladiator began the quest for the Orb.
     0 | D:1      | Reached XP level 1. HP: 17/17 MP: 0/0
   189 | D:1      | Reached XP level 2. HP: 24/24 MP: 1/1
   193 | D:1      | Reached skill level 4 in Unarmed Combat
   305 | D:1      | Reached XP level 3. HP: 26/29 MP: 2/2
   391 | D:1      | Found a shattered altar of Ashenzari.
   839 | D:2      | Found a basalt altar of Yredelemnul.
   963 | D:2      | Found a faded altar of an unknown god.
  1301 | D:3      | Reached skill level 5 in Unarmed Combat
  1580 | D:3      | Reached XP level 4. HP: 36/36 MP: 3/3
  1718 | D:3      | Reached skill level 6 in Unarmed Combat
  1736 | D:3      | Found a sacrificial altar of Ru.
  1844 | D:4      | Reached XP level 5. HP: 41/41 MP: 4/4
  1860 | D:4      | Found Jiph's Gadget Shoppe.
  1955 | D:4      | Reached skill level 7 in Unarmed Combat
  2009 | D:4      | Reached XP level 6. HP: 48/48 MP: 5/5
  2094 | D:3      | Reached skill level 8 in Unarmed Combat
  2290 | D:4      | Reached XP level 7. HP: 53/55 MP: 6/6
  2393 | D:5      | Entered Level 5 of the Dungeon
  2671 | D:5      | Reached skill level 9 in Unarmed Combat
  2677 | D:5      | Found an ornate altar of the Wu Jian Council.
  2850 | D:5      | Found a staircase to the Ecumenical Temple.
  2901 | Temple   | Entered the Ecumenical Temple
  3056 | Temple   | Became a worshipper of Makhleb the Destroyer
  3112 | D:5      | Reached skill level 10 in Unarmed Combat
  3112 | D:5      | Reached skill level 1 in Invocations
  3112 | D:5      | Reached XP level 8. HP: 40/60 MP: 7/7
  3124 | D:5      | Mangled by an ogre

Levels and vault maps discovered:
D:1:      evilmike_arrival_hilbert_curve, layout_rooms, st_stairs_13,
          evilmike_ruin_ashenzari
D:2:      layout_basic, chequers_ecumenical_altar_island,
          yredelemnul_altar_generic
D:3:      layout_basic, nicolae_ru_sacrificial_ziggurat, first_ration
D:4:      layout_cave_pools, serial_shops, shop
D:5:      layout_rooms, minmay_temple_entry_hall, basic_altar
Temple:   compressed_dpeg_triangle_lava_temple

Skill      XL: |  1  2  3  4  5  6  7 |
---------------+----------------------+-----
Unarmed Combat | 4 5 6 7 8 10 | 10.0
Invocations    | 1 |  1.2
Fighting       | |  2.1
Throwing       | |  1.7
Dodging        | |  2.6

Action                   |  1- 3 |  4- 6 |  7- 9 || total
-------------------------+-------+-------+-------++-------
Melee: Unarmed           |   135 |   146 |    63 ||   344
       Punch             |       |     7 |     1 ||     8
  Use: Scroll            |     5 |       |       ||     5
       Potion            |       |       |     1 ||     1
 Stab: Sleeping          |       |     1 |       ||     1
  Eat: Chunk             |     7 |    25 |     9 ||    41
Armor: Leather armour    |    54 |    33 |    17 ||   104
Dodge: Dodged            |   118 |    85 |    31 ||   234

Table legend:
 A = Non-vault XP
 B = Vault XP
 C = Vault XP percentage of total XP
 D = Non-vault monster count
 E = Vault monster count
 F = Vault count percentage of total count
                 A         B        C        D         E       F
            +---------+---------+-------+---------+---------+-------
      Total |    1219 |       1 |   0.1 |     101 |       1 |   1.0
            +---------+---------+-------+---------+---------+-------
        D:1 |      44 |       1 |   2.2 |      28 |       1 |   3.4
        D:2 |      14 |       0 |   0.0 |       9 |       0 |   0.0
        D:3 |     171 |       0 |   0.0 |      19 |       0 |   0.0
        D:4 |     387 |       0 |   0.0 |      26 |       0 |   0.0
        D:5 |     603 |       0 |   0.0 |      19 |       0 |   0.0
            +---------+---------+-------+---------+---------+-------
